 Dungeon Crawl Stone Soup version 0.21.1-1-g345015fe64 (webtiles) character file.

262 Lusmu the Firebug (level 5, -4/57 HPs)
             Began as a Draconian Fire Elementalist on Apr 8, 2018.
             Succumbed to Edmund's poison
             ... on level 3 of the Dungeon.
             The game lasted 00:14:23 (4537 turns).

Lusmu the Firebug (Draconian Fire Elementalist)     Turns: 4537, Time: 00:14:24

Health: -4/57      AC: 22    Str: 10    XL:     5   Next: 97%
Magic:  0/9        EV:  2    Int: 13    God:
Gold:   111        SH:  0    Dex: 13    Spells: 6/10 levels left

rFire    + . .     SeeInvis .   i - +0 mace
rCold    x . .     Gourm    .   (no shield)
rNeg     + + +     Faith    .   (armour unavailable)
rPois    +         Spirit   .   (helmet currently unavailable)
rElec    .         Reflect  .   (cloak currently unavailable)
rCorr    .         Harm     .   (gloves currently unavailable)
MR       .....     Clarity  +   (boots currently unavailable) Stlth ++........NoTele +
                                (no amulet)
HPRegen  0.19/turn              n - ring of fire
MPRegen  0.11/turn              y - ring of wizardry

@: lethally poisoned (-4 -> -51), tree-form
A: unfitting armour, clarity, dopey 1, AC +5
a: no special abilities


You were on level 3 of the Dungeon.
You were not hungry.
You were a tree.
You visited 1 branch of the dungeon, and saw 4 of its levels.

You collected 111 gold pieces.

Inventory:

Hand Weapons
 i - a +0 mace (weapon)
 o - a +0 hunting sling
Missiles
 c - 79 sling bullets
 u - 18 poisoned needles
 x - 10 bolts
 A - 9 arrows
 C - 3 javelins (quivered)
 D - 32 stones
Jewellery
 l - an uncursed ring of protection from cold
 n - a ring of fire (left branch)
 t - an uncursed ring of see invisible
 y - a ring of wizardry (right branch)
Wands
 w - a wand of paralysis (5)
Scrolls
 j - a scroll of teleportation {unknown}
 k - 2 scrolls of amnesia
 q - a scroll of remove curse
 v - a scroll of blinking
 z - a scroll of enchant armour
Potions
 e - a potion of lignification
 f - a potion of haste
 h - a potion of curing {unknown}
 m - a potion of agility
 r - a potion of resistance
 B - 2 potions of brilliance
Books
 a - a book of Flames

   Spells                             Type                      Level
   a - Flame Tongue                   Conjuration/Fire             1
   b - Throw Flame                    Conjuration/Fire             2
   c - Conjure Flame                  Conjuration/Fire             3
   d - Inner Flame                    Hexes/Fire                   3
   e - Sticky Flame                   Conjuration/Fire             4
   f - Fireball                       Conjuration/Fire             5
Comestibles
 b - 2 rations
 d - 3 chunks of flesh


   Skills:
 - Level 1.7 Dodging
 - Level 1.7 Stealth
 + Level 3.1 Spellcasting
 * Level 3.8 Conjurations
 * Level 4.8 Fire Magic


You had 6 spell levels left.
You knew the following spells:

 Your Spells              Type           Power        Failure   Level  Hunger
a - Flame Tongue          Conj/Fire      ###..        1%          1    #......
b - Conjure Flame         Conj/Fire      ###.....     4%          3    ###....


Dungeon Overview and Level Annotations

Branches:
Dungeon (4/15)
 Temple: D:4-7

Altars:
Nemelex Xobeh
The Shining One

Annotations:
D:3 Edmund
D:4 Menkaure


Innate Abilities, Weirdness & Mutations

((Your plain brown scales are hard. (AC +5)))
You cannot fit into any form of body armour.
((You are cold-blooded and may be slowed by cold attacks.))
You possess an exceptional clarity of mind.
You are dopey. (Int -2)


Message History

Casting: Flame Tongue
Confirm with . or Enter, or press ? or * to list all spells.
Aiming: Flame Tongue
Press: ? - help, Shift-Dir - straight line, f/p - Edmund
Aim: Edmund, wielding a flail of venom and wearing a dyed leather armour (severely wounded)
You feel a surge of power!
The flame tongue hits Edmund.
Edmund is almost dead.
* * * LOW HITPOINT WARNING * * *
You feel very sick. Edmund hits you with a flail of venom.
* * * LOW HITPOINT WARNING * * *
You are more poisoned.
You turn into a tree.
Your roots penetrate the ground.
* * * LOW HITPOINT WARNING * * *
You feel very sick. Edmund hits you with a flail of venom.
* * * LOW HITPOINT WARNING * * *
You closely miss Edmund.
Edmund is almost dead.
You die...

#.# #.#.........##.# #.#
##'########.###.# ###.##
##...## #.###.# #....#
##.....## #.#.... #....#
##.......## #...###
#....####.........####...# #
#.......'.........'......###
##...####.........####......
#..## ##.♣@....## ##.#.##
#.## ##.>...## ###.# #.#
##...## #.# #.# ##'#### #.#
#.### #.##.########.# #...#
#.#...........#
###.########.##.##########
#...........#.#
#.######......#


You could see Edmund.

Vanquished Creatures
  A bullfrog (D:3)
  An orc wizard (D:3)
  Natasha (thrice) (D:2)
  An adder (D:2)
  An ooze (D:2)
  2 worms
  3 leopard geckos
  6 orcs
  2 ball pythons
  4 giant cockroaches
  8 goblins
  6 hobgoblins
  7 jackals
  3 kobolds
  A quokka (D:3)
  7 bats
  A frilled lizard (D:2)
  7 rats
64 creatures vanquished.

Notes
Turn   | Place    | Note
-------+----------+-------------------------------------------
     0 | D:1      | Lusmu the Draconian Fire Elementalist began the quest for the Orb.
     0 | D:1      | Reached XP level 1. HP: 14/14 MP: 3/3
   531 | D:1      | Reached XP level 2. HP: 20/20 MP: 3/5
  1161 | D:1      | Found a glowing golden altar of the Shining One.
  1729 | D:2      | Reached XP level 3. HP: 26/26 MP: 3/6
  1742 | D:2      | Found a sparkling altar of Nemelex Xobeh.
  2219 | D:2      | Noticed Natasha
  2225 | D:2      | Killed Natasha
  2225 | D:2      | Reached skill level 4 in Fire Magic
  2225 | D:2      | Reached XP level 4. HP: 27/33 MP: 7/7
  2241 | D:2      | Noticed Natasha
  2243 | D:2      | Killed Natasha
  2375 | D:2      | Noticed Natasha
  2385 | D:2      | Killed Natasha
  2708 | D:3      | Reached XP level 5. HP: 38/38 MP: 9/9
  3158 | D:3      | Gained mutation: You have a pair of small horns on your head. [potion of mutation]
  3158 | D:3      | Gained mutation: You are agile. (Dex +2) [potion of mutation]
  3158 | D:3      | Gained mutation: You evolve. [potion of mutation]
  3159 | D:3      | Lost mutation: You have a pair of small horns on your head. [potion of mutation]
  3159 | D:3      | Lost mutation: You are agile. (Dex +2) [potion of mutation]
  3159 | D:3      | Gained mutation: You are resistant to hostile enchantments. (MR+) [potion of mutation]
  3159 | D:3      | Gained mutation: You have an increased reservoir of magic. (+10% MP) [potion of mutation]
  3160 | D:3      | Lost mutation: You are resistant to hostile enchantments. (MR+) [potion of mutation]
  3160 | D:3      | Lost mutation: You evolve. [potion of mutation]
  3160 | D:3      | Lost mutation: You have an increased reservoir of magic. (+10% MP) [potion of mutation]
  3160 | D:3      | Gained mutation: You possess an exceptional clarity of mind. [potion of mutation]
  3160 | D:3      | Gained mutation: Your flesh is cold resistant. (rC+) [potion of mutation]
  3161 | D:3      | Lost mutation: You possess an exceptional clarity of mind. [potion of mutation]
  3161 | D:3      | Lost mutation: Your flesh is cold resistant. (rC+) [potion of mutation]
  3161 | D:3      | Gained mutation: You are dopey. (Int -2) [potion of mutation]
  3161 | D:3      | Gained mutation: You possess an exceptional clarity of mind. [potion of mutation]
  4013 | D:4      | Noticed Menkaure
  4260 | D:3      | Learned a level 3 spell: Conjure Flame
  4348 | D:4      | Noticed Edmund
  4536 | D:3      | HP: 2/57 [Edmund/flail of venom (3)]
  4537 | D:3      | Succumbed to Edmund's poison

Skill      XL: |  1  2  3  4  5 |
---------------+----------------+-----
Conjurations   | 2 3 |  3.8
Fire Magic     | 4 |  4.8
Spellcasting   | 3 |  3.1
Dodging        | |  1.7
Stealth        | |  1.7

Action                   |  1- 3 |  4- 6 || total
-------------------------+-------+-------++-------
Melee: Unarmed           |    35 |       ||    35
       Club              |    11 |       ||    11
       Tailslap          |    10 |     5 ||    15
       Mace              |    88 |    61 ||   149
 Cast: Flame Tongue      |    31 |    37 ||    68
  Use: Scroll            |     3 |    12 ||    15
       Potion            |       |     6 ||     6
 Stab: Sleeping          |     3 |     1 ||     4
  Eat: Ration            |     1 |     1 ||     2
       Chunk             |     1 |     5 ||     6
Armor: Skin              |    62 |    37 ||    99
Dodge: Dodged            |   119 |    63 ||   182
